2007 views
Uploaded 2022-07-24 23:41:01
Game version 1.32.10
27:16 long 2on2 ladder game on (4)LostTemple_LV
Saved by Cabeelibob
2007 views
Uploaded 2022-07-24 23:41:01
Game version 1.32.10
27:16 long 2on2 ladder game on (4)LostTemple_LV


98 units @ 11.9k
/ 1.6k
45 buildings @ 7.7k
/ 3.5k


| Scroll of Town Portal | 1 | 350 |
| total: | 1 | 350g |
| Wisp | 32 | 1920 | / | 0 |
| Archer | 18 | 2340 | / | 180 |
| Druid of the Claw | 8 | 2040 | / | 640 |
| Huntress | 3 | 585 | / | 60 |
| total: | 61 | 6885g | / | 880w |
| Ancient Protector | 11 | 1485 | / | 880 |
| Altar of Elders | 1 | 180 | / | 50 |
| Moon Well | 8 | 1440 | / | 320 |
| Ancient of War | 2 | 300 | / | 120 |
| Hunter's Hall | 2 | 420 | / | 200 |
| Tree of Life | 2 | 680 | / | 370 |
| Ancient of Lore | 2 | 310 | / | 290 |
| Tree of Ages | 1 | 320 | / | 180 |
| Tree of Eternity | 1 | 330 | / | 200 |
| total: | 28 | 4815g | / | 2230w |
| 0:06 | Altar of Elders |
| 0:09 | Moon Well |
| 0:10 | Wisp |
| 0:11 | Wisp |
| 0:33 | Ancient of War |
| 0:42 | Wisp |
| 1:20 | Wisp |
| 1:20 | Wisp |
| 1:20 | Wisp |
| 1:22 | Wisp |
| 1:33 | Archer |
| 1:33 | Archer |
| 1:35 | Archer |
| 1:35 | Archer |
| 1:47 | Archer |
| 2:07 | Moon Well |
| 2:19 | Archer |
| 2:29 | Force of Nature |
| 3:04 | Archer |
| 3:04 | Archer |
| 3:24 | Archer |
| 3:30 | Tree of Ages |
| 4:30 | Entangling Roots |
| 4:40 | Archer |
| 4:44 | Hunter's Hall |
| 4:49 | Archer |
| 4:49 | Archer |
| 6:07 | Moon Well |
| 6:14 | Ancient of Lore |
| 6:17 | Ancient of Lore |
| 6:26 | Moon Well |
| 6:30 | Ancient of War |
| 6:37 | Wisp |
| 6:37 | Wisp |
| 6:38 | Wisp |
| 6:38 | Wisp |
| 6:38 | Wisp |
| 6:38 | Wisp |
| 6:41 | Strength of the Moon |
| 7:34 | Improved Bows |
| 7:49 | Wisp |
| 7:49 | Wisp |
| 7:49 | Wisp |
| 7:49 | Wisp |
| 7:50 | Wisp |
| 7:52 | Druid of the Claw Adept Training |
| 8:32 | Force of Nature |
| 8:46 | Tree of Eternity |
| 8:53 | Archer |
| 9:00 | Moon Well |
| 9:05 | Moon Well |
| 9:45 | Tree of Life |
| 10:00 | Scroll of Town Portal |
| 10:23 | Improved Strength of the Moon |
| 10:53 | Reinforced Hides |
| 11:07 | Druid of the Claw Master Training |
| 11:08 | Druid of the Claw |
| 11:08 | Druid of the Claw |
| 11:13 | Druid of the Claw |
| 11:51 | Entangling Roots |
| 12:06 | Mark of the Claw |
| 12:07 | Druid of the Claw |
| 12:10 | Improved Reinforced Hides |
| 12:52 | Strength of the Wild |
| 12:56 | Wisp |
| 12:56 | Wisp |
| 12:56 | Wisp |
| 12:56 | Wisp |
| 12:56 | Wisp |
| 13:15 | Evasion |
| 13:41 | Marksmanship |
| 13:43 | Advanced Reinforced Hides |
| 13:58 | Druid of the Claw |
| 14:15 | Druid of the Claw |
| 14:29 | Wisp |
| 14:29 | Wisp |
| 14:29 | Wisp |
| 14:46 | Moon Well |
| 15:19 | Ancient Protector |
| 15:20 | Ancient Protector |
| 15:22 | Ancient Protector |
| 15:36 | Advanced Strength of the Moon |
| 15:46 | Moon Well |
| 16:27 | Moon Armor |
| 16:32 | Druid of the Claw |
| 16:33 | Druid of the Claw |
| 17:01 | Wisp |
| 17:01 | Wisp |
| 17:01 | Wisp |
| 17:04 | Wisp |
| 17:04 | Wisp |
| 17:06 | Wisp |
| 17:31 | Hunter's Hall |
| 17:43 | Moon Glaive |
| 17:53 | Huntress |
| 18:10 | Huntress |
| 18:34 | Huntress |
| 20:28 | Ancient Protector |
| 20:28 | Ancient Protector |
| 20:29 | Ancient Protector |
| 20:30 | Ancient Protector |
| 20:37 | Ancient Protector |
| 20:40 | Ancient Protector |
| 21:30 | Archer |
| 21:31 | Archer |
| 21:31 | Archer |
| 22:03 | Archer |
| 22:03 | Archer |
| 22:33 | Ancient Protector |
| 22:35 | Ancient Protector |
| 23:51 | Tree of Life |
| Right click | 788 |
| Select | 393 |
| Select group | 127 |
| Build/train/purchase | 116 |
| Use ability | 57 |
| Misc. action | 14 |
| Remove unit | 8 |
| Assign group | 6 |
| Item give/drop | 2 |



| Peon | 13 | 975 | / | 0 |
| Grunt | 1 | 200 | / | 0 |
| Troll Headhunter | 9 | 1260 | / | 180 |
| Spirit Walker | 2 | 390 | / | 70 |
| Tauren | 4 | 1120 | / | 320 |
| Troll Witch Doctor | 2 | 290 | / | 50 |
| Shaman | 6 | 780 | / | 120 |
| total: | 37 | 5015g | / | 740w |
| Watch Tower | 2 | 220 | / | 160 |
| Orc Burrow | 7 | 1120 | / | 280 |
| Altar of Storms | 1 | 180 | / | 50 |
| Barracks | 1 | 180 | / | 50 |
| War Mill | 1 | 205 | / | 0 |
| Great Hall | 1 | 385 | / | 185 |
| Tauren Totem | 1 | 135 | / | 155 |
| Spirit Lodge | 1 | 150 | / | 150 |
| Beastiary | 2 | 290 | / | 280 |
| Stronghold | 1 | 315 | / | 190 |
| Fortress | 1 | 325 | / | 190 |
| total: | 17 | 2865g | / | 1310w |
| 0:16 | Orc Burrow |
| 0:25 | Altar of Storms |
| 0:41 | Peon |
| 0:42 | Peon |
| 0:42 | Peon |
| 0:48 | Peon |
| 1:43 | Barracks |
| 1:57 | Peon |
| 1:58 | Peon |
| 2:43 | Feral Spirit |
| 3:18 | Grunt |
| 3:28 | Stronghold |
| 3:40 | War Mill |
| 4:01 | Orc Burrow |
| 5:04 | Troll Headhunter |
| 5:04 | Troll Headhunter |
| 5:05 | Troll Headhunter |
| 5:21 | Troll Headhunter |
| 5:21 | Troll Headhunter |
| 5:40 | Watch Tower |
| 6:03 | Peon |
| 6:31 | Tauren Totem |
| 8:19 | Fortress |
| 8:31 | Orc Burrow |
| 8:44 | Orc Burrow |
| 8:52 | Steel Ranged Weapons |
| 9:15 | Orc Burrow |
| 9:32 | Spirit Walker |
| 9:36 | Spirit Walker |
| 10:42 | Tauren |
| 10:43 | Tauren |
| 12:13 | Tauren |
| 12:26 | Spirit Lodge |
| 12:38 | Orc Burrow |
| 13:40 | Troll Headhunter |
| 13:42 | Troll Headhunter |
| 13:46 | Peon |
| 13:46 | Peon |
| 13:47 | Peon |
| 13:47 | Peon |
| 13:47 | Peon |
| 13:51 | Peon |
| 14:24 | Serpent Ward |
| 14:44 | Orc Burrow |
| 14:49 | Troll Witch Doctor |
| 14:49 | Troll Witch Doctor |
| 14:58 | Shaman |
| 15:03 | Shaman |
| 15:06 | Shaman |
| 16:20 | Shaman Adept Training |
| 16:31 | Pulverize |
| 16:33 | Tauren |
| 16:56 | Wind Walk |
| 17:05 | Shaman |
| 17:07 | Shaman |
| 17:25 | Beastiary |
| 17:30 | Watch Tower |
| 17:38 | Beastiary |
| 19:16 | Troll Regeneration |
| 19:16 | Berserker Upgrade |
| 19:17 | Troll Headhunter |
| 19:17 | Troll Headhunter |
| 19:19 | Shaman Master Training |
| 19:20 | Shaman |
| 25:28 | Great Hall |
| Select | 163 |
| Right click | 151 |
| Build/train/purchase | 62 |
| Misc. action | 3 |
| Use ability | 1 |
| Remove unit | 1 |
/ 0.8k
106 buildings @ 7.4k
/ 3.6k


| Peasant | 24 | 1800 | / | 0 |
| Footman | 3 | 405 | / | 0 |
| Mortar Team | 3 | 540 | / | 210 |
| Flying Machine | 19 | 1900 | / | 570 |
| total: | 49 | 4645g | / | 780w |
| Scout Tower | 27 | 810 | / | 540 |
| Arcane Tower | 1 | 70 | / | 50 |
| Guard Tower | 14 | 980 | / | 700 |
| Altar of Kings | 1 | 180 | / | 50 |
| Farm | 14 | 1120 | / | 280 |
| Barracks | 1 | 160 | / | 60 |
| Lumber Mill | 1 | 120 | / | 0 |
| Town Hall | 2 | 770 | / | 410 |
| Blacksmith | 1 | 140 | / | 60 |
| Arcane Vault | 1 | 130 | / | 30 |
| Workshop | 4 | 560 | / | 560 |
| Keep | 1 | 320 | / | 210 |
| Castle | 1 | 360 | / | 210 |
| total: | 52 | 3990g | / | 1990w |
| 0:02 | Peasant |
| 0:02 | Peasant |
| 0:18 | Altar of Kings |
| 0:19 | Peasant |
| 0:32 | Farm |
| 0:34 | Peasant |
| 0:49 | Barracks |
| 0:51 | Peasant |
| 1:03 | Farm |
| 1:06 | Peasant |
| 1:20 | Peasant |
| 1:29 | Peasant |
| 1:34 | Farm |
| 1:41 | Farm |
| 1:46 | Peasant |
| 1:52 | Footman |
| 1:55 | Footman |
| 1:58 | Peasant |
| 2:09 | Lumber Mill |
| 2:12 | Scout Tower |
| 2:19 | Peasant |
| 2:24 | Storm Bolt |
| 2:33 | Footman |
| 3:12 | Peasant |
| 3:18 | Arcane Tower |
| 3:20 | Peasant |
| 4:12 | Town Hall |
| 4:21 | Scout Tower |
| 4:22 | Scout Tower |
| 4:22 | Scout Tower |
| 4:26 | Peasant |
| 4:28 | Scout Tower |
| 4:28 | Scout Tower |
| 4:29 | Scout Tower |
| 4:29 | Scout Tower |
| 4:43 | Bash |
| 4:51 | Guard Tower |
| 4:52 | Guard Tower |
| 4:53 | Scout Tower |
| 4:54 | Scout Tower |
| 4:54 | Scout Tower |
| 5:05 | Scout Tower |
| 5:06 | Scout Tower |
| 5:19 | Guard Tower |
| 5:21 | Guard Tower |
| 6:05 | Guard Tower |
| 6:08 | Scout Tower |
| 6:09 | Scout Tower |
| 6:10 | Scout Tower |
| 6:10 | Scout Tower |
| 6:10 | Scout Tower |
| 6:12 | Guard Tower |
| 7:07 | Guard Tower |
| 7:08 | Scout Tower |
| 7:09 | Scout Tower |
| 7:09 | Scout Tower |
| 7:22 | Scout Tower |
| 7:24 | Guard Tower |
| 7:29 | Improved Lumber Harvesting |
| 7:38 | Peasant |
| 7:39 | Peasant |
| 7:39 | Peasant |
| 7:39 | Peasant |
| 7:47 | Guard Tower |
| 8:13 | Storm Bolt |
| 8:22 | Keep |
| 8:25 | Blacksmith |
| 8:44 | Guard Tower |
| 8:47 | Improved Masonry |
| 8:48 | Guard Tower |
| 9:43 | Black Gunpowder |
| 9:56 | Arcane Vault |
| 11:12 | Advanced Lumber Harvesting |
| 11:12 | Advanced Masonry |
| 11:14 | Castle |
| 11:15 | Workshop |
| 11:16 | Workshop |
| 11:17 | Refined Gunpowder |
| 12:17 | Workshop |
| 12:19 | Workshop |
| 12:32 | Flak Cannons |
| 12:32 | Flare |
| 12:34 | Iron Plating |
| 12:53 | Bash |
| 13:03 | Divine Shield |
| 13:04 | Holy Light |
| 13:31 | Peasant |
| 13:31 | Peasant |
| 13:31 | Peasant |
| 13:39 | Flying Machine Bombs |
| 13:39 | Fragmentation Shards |
| 13:39 | Mortar Team |
| 13:43 | Farm |
| 13:44 | Farm |
| 13:46 | Farm |
| 13:47 | Farm |
| 13:48 | Farm |
| 13:48 | Farm |
| 13:53 | Scout Tower |
| 13:53 | Scout Tower |
| 13:54 | Scout Tower |
| 13:56 | Scout Tower |
| 13:59 | Scout Tower |
| 14:06 | Bash |
| 14:23 | Guard Tower |
| 14:29 | Peasant |
| 14:29 | Peasant |
| 15:18 | Guard Tower |
| 15:29 | Imbued Masonry |
| 15:35 | Flying Machine |
| 15:35 | Flying Machine |
| 15:35 | Flying Machine |
| 15:35 | Flying Machine |
| 15:35 | Flying Machine |
| 16:08 | Flying Machine |
| 16:09 | Flying Machine |
| 16:09 | Flying Machine |
| 16:09 | Flying Machine |
| 16:09 | Flying Machine |
| 16:09 | Flying Machine |
| 16:09 | Flying Machine |
| 16:19 | Imbued Gunpowder |
| 16:50 | Farm |
| 16:52 | Farm |
| 16:52 | Farm |
| 16:53 | Farm |
| 16:58 | Flying Machine |
| 16:58 | Flying Machine |
| 17:31 | Flying Machine |
| 17:31 | Flying Machine |
| 18:28 | Guard Tower |
| 18:58 | Flying Machine |
| 18:58 | Flying Machine |
| 19:01 | Flying Machine |
| 19:06 | Steel Plating |
| 20:42 | Town Hall |
| 21:31 | Mithril Plating |
| 21:43 | Divine Shield |
| 21:52 | Peasant |
| 23:30 | Holy Light |
| 23:34 | Mortar Team |
| 23:35 | Mortar Team |
| 23:39 | Studded Leather Armor |
| 25:05 | Storm Bolt |
| 26:55 | Storm Bolt |
| Right click | 656 |
| Select | 343 |
| Select group | 234 |
| Build/train/purchase | 110 |
| Misc. action | 95 |
| Use ability | 48 |
| Esc | 24 |
| Assign group | 11 |
| Minimap ping | 5 |
| Resource trade | 4 |
| Remove unit | 3 |
Cabeelibob
(194)
(27:15) : 

| Peasant | 13 | 975 | / | 0 |
| Footman | 3 | 405 | / | 0 |
| Dragonhawk Rider | 2 | 400 | / | 60 |
| total: | 18 | 1780g | / | 60w |
| Scout Tower | 37 | 1110 | / | 740 |
| Arcane Tower | 9 | 630 | / | 450 |
| Guard Tower | 11 | 770 | / | 550 |
| Altar of Kings | 2 | 360 | / | 100 |
| Farm | 6 | 480 | / | 120 |
| Barracks | 1 | 160 | / | 60 |
| Lumber Mill | 2 | 240 | / | 0 |
| Blacksmith | 1 | 140 | / | 60 |
| Arcane Vault | 2 | 260 | / | 60 |
| Town Hall | 1 | 385 | / | 205 |
| Cannon Tower | 5 | 600 | / | 500 |
| Gryphon Aviary | 1 | 140 | / | 150 |
| Workshop | 1 | 140 | / | 140 |
| Keep | 1 | 320 | / | 210 |
| Castle | 1 | 360 | / | 210 |
| total: | 54 | 3415g | / | 1635w |
| 0:03 | Altar of Kings |
| 0:06 | Altar of Kings |
| 0:09 | Farm |
| 0:10 | Peasant |
| 0:28 | Peasant |
| 0:43 | Peasant |
| 0:50 | Barracks |
| 0:52 | Peasant |
| 1:03 | Lumber Mill |
| 1:10 | Farm |
| 1:14 | Peasant |
| 1:30 | Peasant |
| 1:31 | Peasant |
| 1:47 | Peasant |
| 1:52 | Footman |
| 1:55 | Scout Tower |
| 2:00 | Peasant |
| 2:06 | Improved Masonry |
| 2:09 | Storm Bolt |
| 2:20 | Footman |
| 2:25 | Arcane Tower |
| 2:35 | Peasant |
| 3:18 | Farm |
| 3:54 | Footman |
| 3:57 | Farm |
| 3:59 | Scout Tower |
| 4:02 | Peasant |
| 4:17 | Bash |
| 4:33 | Guard Tower |
| 4:36 | Scout Tower |
| 4:39 | Peasant |
| 5:15 | Keep |
| 5:17 | Guard Tower |
| 6:03 | Scout Tower |
| 6:03 | Scout Tower |
| 6:03 | Scout Tower |
| 6:36 | Improved Lumber Harvesting |
| 6:41 | Arcane Tower |
| 6:43 | Scout Tower |
| 6:44 | Scout Tower |
| 6:44 | Scout Tower |
| 7:02 | Storm Bolt |
| 7:21 | Arcane Tower |
| 7:22 | Guard Tower |
| 7:30 | Scout Tower |
| 7:30 | Scout Tower |
| 7:31 | Scout Tower |
| 7:35 | Scout Tower |
| 7:36 | Scout Tower |
| 7:36 | Scout Tower |
| 7:47 | Castle |
| 7:50 | Advanced Masonry |
| 8:09 | Guard Tower |
| 8:12 | Scout Tower |
| 8:18 | Scout Tower |
| 8:19 | Scout Tower |
| 8:19 | Scout Tower |
| 8:39 | Guard Tower |
| 8:41 | Scout Tower |
| 8:53 | Holy Light |
| 9:00 | Arcane Tower |
| 9:02 | Scout Tower |
| 9:04 | Arcane Tower |
| 9:06 | Scout Tower |
| 9:24 | Arcane Tower |
| 9:26 | Scout Tower |
| 9:36 | Arcane Tower |
| 9:39 | Arcane Tower |
| 9:42 | Scout Tower |
| 9:50 | Scout Tower |
| 9:57 | Scout Tower |
| 9:59 | Arcane Tower |
| 10:04 | Guard Tower |
| 10:12 | Farm |
| 10:15 | Imbued Masonry |
| 10:18 | Guard Tower |
| 10:21 | Farm |
| 10:30 | Scout Tower |
| 10:32 | Scout Tower |
| 10:48 | Gryphon Aviary |
| 10:53 | Blacksmith |
| 11:06 | Arcane Vault |
| 11:17 | Arcane Vault |
| 11:21 | Scout Tower |
| 11:21 | Scout Tower |
| 11:22 | Scout Tower |
| 12:17 | Lumber Mill |
| 12:23 | Workshop |
| 12:30 | Town Hall |
| 12:33 | Scout Tower |
| 12:34 | Scout Tower |
| 12:35 | Scout Tower |
| 12:45 | Guard Tower |
| 12:48 | Scout Tower |
| 12:49 | Scout Tower |
| 12:49 | Scout Tower |
| 12:55 | Cloud |
| 13:05 | Guard Tower |
| 13:32 | Guard Tower |
| 13:45 | Fragmentation Shards |
| 13:53 | Cannon Tower |
| 14:28 | Cannon Tower |
| 14:30 | Cannon Tower |
| 14:40 | Cannon Tower |
| 14:49 | Cannon Tower |
| 15:09 | Guard Tower |
| 15:39 | Dragonhawk Rider |
| 15:40 | Dragonhawk Rider |
| 16:13 | Peasant |
| Right click | 555 |
| Select group | 399 |
| Select | 216 |
| Build/train/purchase | 62 |
| Misc. action | 30 |
| Resource trade | 20 |
| Assign group | 11 |
| Use ability | 9 |
| Chat | 6 |
| Remove unit | 1 |
| Esc | 1 |
| Minimap ping | 1 |